Map: [ESL] Royal Blood

Players

NightPhoenix - Winner!

  • Race: Protoss Protoss
  • Spawn Location: 7:00

KingCobra

  • Race: Protoss Protoss
  • Spawn Location: 1:00

Event: ESL SC2 Masters 2023 Summer (Regionals)

VOD

Have the link to the VOD?

Description

Time

  • Played on: May 10, 2023, 9:55 a.m.
  • Length: 8:00

All games in this series

Show
View Real Time Build Order
Export as new Build Order

NightPhoenix Protoss - Winner!

Build Orders: Oracle Opening 

Get SALT Encoding   

  12  0:00  Probe  
  13  0:12  Probe  
  14  0:16  Pylon  
  14  0:24  Probe (Chrono Boost)  
  15  0:36  Probe (Chrono Boost), Gateway  
  16  0:44  Probe (Chrono Boost)  
  16  0:46  Assimilator  
  17  0:51  Probe  
  17  0:54  Assimilator  
  18  1:03  Probe (Chrono Boost)  
  19  1:08  Gateway  
  19  1:13  Probe (Chrono Boost)  
  19  1:17  Probe (Chrono Boost)  
  20  1:24  Cybernetics Core  
  21  1:29  Probe  
  22  1:34  Pylon  
  22  1:41  Probe  
  23  1:53  Probe  
  24  2:00  Warp Gate, Stalker x2  
  28  2:11  Pylon  
  28  2:29  Stargate  
  28  2:35  Adept x2  
  31  2:58  Nexus  
  31  3:08  Probe  
  31  3:09  Oracle (Chrono Boost)  
  35  3:15  Pylon  
  35  3:20  Probe  
  39  3:54  Twilight Council  
  39  3:55  Probe  
  40  4:07  Probe (Chrono Boost)  
  41  4:12  Phoenix  
  41  4:16  Stalker x2  
  39  4:18  Probe (Chrono Boost)  
  39  4:19  Probe (Chrono Boost)  
  39  4:24  Gateway  
  39  4:27  Blink (Chrono Boost), Gateway  
  39  4:28  Probe x2 (Chrono Boost)  
  41  4:36  Probe x2  
  43  4:44  Phoenix  
  45  4:48  Assimilator  
  45  4:51  Probe x2  
  47  4:57  Stalker  
  49  5:03  Probe x2  
  49  5:05  Stalker  
  53  5:15  Probe x2, Shield Battery  
  55  5:22  Stalker  
  55  5:27  Probe  
  55  5:28  Probe  
  59  5:32  Pylon  
  59  5:44  Nexus  
  59  5:48  Probe x2  
  57  5:50  Stalker  
  57  5:54  Stalker  
  57  5:56  Stalker  
  63  6:01  Pylon  
  63  6:04  Stalker  
  63  6:06  Probe  
  63  6:09  Probe  
  67  6:13  Pylon  
  67  6:17  Stalker  
  69  6:20  Gateway  
  69  6:34  Stalker x3  
  69  6:37  Gateway  
  76  6:40  Probe x2  
  76  6:43  Stalker  
  79  6:49  Pylon  
  79  6:55  Stalker  
  79  6:57  Stalker  
  79  6:59  Stalker  
  85  7:01  Probe  
  85  7:03  Probe  
  85  7:06  Probe  
  88  7:08  Stalker  
  88  7:13  Probe, Stalker  
  93  7:16  Stalker  
  93  7:22  Stalker  
  97  7:23  Stalker  
  99  7:36  Stalker x4  
  85  7:51  Stalker x2  
Show
View Real Time Build Order
Export as new Build Order

KingCobra Protoss 

Build Orders: Phoenix Opening 

Get SALT Encoding   

  12  0:00  Probe  
  13  0:12  Probe  
  14  0:18  Pylon  
  14  0:24  Probe  
  15  0:37  Gateway  
  15  0:38  Probe (Chrono Boost)  
  16  0:47  Probe (Chrono Boost), Assimilator  
  17  0:52  Probe (Chrono Boost)  
  18  0:59  Pylon  
  18  1:04  Probe (Chrono Boost)  
  18  1:05  Assimilator  
  19  1:13  Probe (Chrono Boost)  
  20  1:18  Probe  
  21  1:26  Cybernetics Core  
  21  1:30  Zealot  
  21  1:31  Probe  
  24  1:43  Probe  
  25  1:56  Probe  
  26  2:04  Sentry  
  26  2:07  Warp Gate  
  28  2:13  Pylon  
  28  2:18  Nexus  
  28  2:27  Stalker  
  30  2:35  Shield Battery  
  30  2:43  Stargate  
  29  2:48  Pylon  
  29  2:50  Probe  
  30  2:58  Stalker  
  32  3:06  Probe  
  33  3:19  Probe  
  34  3:29  Shield Battery  
  34  3:30  Phoenix (Chrono Boost)  
  34  3:33  Shield Battery  
  34  3:37  Probe  
  35  3:46  Probe, Phoenix (Chrono Boost)  
  38  3:51  Shield Battery  
  38  3:54  Probe  
  39  3:57  Stalker  
  39  3:58  Probe  
  41  4:09  Phoenix  
  40  4:11  Probe  
  43  4:21  Probe (Chrono Boost)  
  43  4:22  Robotics Facility, Assimilator  
  44  4:25  Probe (Chrono Boost)  
  46  4:34  Phoenix  
  46  4:35  Probe (Chrono Boost)  
  46  4:36  Probe (Chrono Boost)  
  49  4:42  Pylon  
  49  4:43  Probe x2  
  51  4:55  Probe (Chrono Boost)  
  51  4:56  Probe (Chrono Boost)  
  55  5:07  Probe (Chrono Boost)  
  55  5:08  Probe (Chrono Boost)  
  55  5:10  Observer  
  55  5:14  Probe x2 (Chrono Boost), Pylon  
  56  5:17  Stalker  
  56  5:21  Probe, Pylon  
  60  5:22  Probe  
  62  5:31  Phoenix  
  62  5:33  Probe, Immortal (Chrono Boost)  
  69  5:40  Forge  
  69  5:45  Probe  
  69  5:47  Assimilator  
  69  5:53  Probe  
  69  5:56  Phoenix  
  72  5:57  Probe  
  73  6:07  Nexus  
  73  6:09  Pylon  
  73  6:12  Immortal (Chrono Boost)  
  77  6:24  Pylon  
  77  6:35  Shield Battery  
  77  6:37  Stalker, Shield Battery  
  77  6:38  Photon Cannon  
  77  6:43  Immortal (Chrono Boost)  
  81  6:52  Shield Battery  
  81  6:53  Pylon  
  81  6:58  Oracle  
  84  7:03  Robotics Facility  
  84  7:10  Probe x2  
  84  7:13  Immortal (Chrono Boost)  
  90  7:24  Pylon  
  90  7:25  Probe x3, Photon Cannon  
  85  7:37  Stalker  
Tags
 
Add a new tag
Caveats
  • Supply blocks, unpowered buildings, or Contaminate may cause inaccurate times.
  • Supply counts are checked every 10 seconds.